[ AOE2 MATCH · #505910384 ]
UnrankedKhmer vs Slavs
Player's team · WIN
Rival team · LOSS
[ REPLAY ANALYSIS · EXTRACTED FROM THE RECORDED GAME ]
Feudal
9:05
Castle
24:34
Imperial
—
| APM avg | 54.2 |
| APM peak | 112 |
| eAPM avg | 24.6 |
| Villagers / military | 79 / 62 |
Focus
⚔️ 27.6% · 🌾 72.4%
Knight ×46 · Scout Cavalry ×16
Feudal
9:17
Castle
23:42
Imperial
—
| APM avg | 43.8 |
| APM peak | 78 |
| eAPM avg | 21.5 |
| Villagers / military | 74 / 42 |
Focus
⚔️ 38.1% · 🌾 61.9%
Spearman ×32 · Scout Cavalry ×8 · Knight ×2
Match map
Initial resources + every placement click. Lines = walls · curves = elevation contours. ◆ gold · ⬟ stone · ● berries · ✦ relic · ◌ wall gap
Your base· ✓ Closed at 24:34 · 35t walls · fragile
No Pauses's base· ✓ Closed at 23:42 · 32t walls · fragile
Smoothed initial terrain · ◌ = detected wall gap · hover for details
Inputs per minute
— Lukeario23 - - No Pauses
Build order — Lukeario23
First 150 of 231 actions detected
| 0:00 | Queue | Villager (Male) |
| 0:01 | Queue | Villager (Male) |
| 0:01 | Queue | Villager (Male) |
| 0:01 | Queue | Villager (Male) |
| 0:02 | Build | House |
| 0:04 | Build | House |
| 1:31 | Queue | Villager (Male) |
| 2:02 | Queue | Villager (Male) |
| 2:10 | Build | Mill |
| 2:25 | Queue | Villager (Male) |
| 2:25 | Queue | Villager (Male) |
| 2:36 | Queue | Villager (Male) |
| 2:57 | Queue | Villager (Male) |
| 2:57 | Queue | Villager (Male) |
| 3:23 | Queue | Villager (Male) |
| 3:23 | Queue | Villager (Male) |
| 3:42 | Queue | Villager (Male) |
| 3:43 | Queue | Villager (Male) |
| 3:50 | Build | House |
| 3:51 | Build | House |
| 4:17 | Queue | Villager (Male) |
| 4:17 | Queue | Villager (Male) |
| 5:08 | Queue | Villager (Male) |
| 5:43 | Queue | Villager (Male) |
| 6:08 | Build | Lumber Camp |
| 6:12 | Queue | Villager (Male) |
| 6:14 | Research | Loom |
| 6:51 | Queue | Villager (Male) |
| 6:55 | Research | Feudal Age |
| 7:16 | Build | House |
| 7:49 | Build | Palisade Wall |
| 8:22 | Build | House |
| 8:32 | Queue | Villager (Male) |
| 9:05 | Age | Feudal Age |
| 9:10 | Build | Stable |
| 9:13 | Queue | Villager (Male) |
| 9:32 | Build | Palisade Wall |
| 9:34 | Queue | Villager (Male) |
| 9:39 | Build | Mill |
| 9:45 | Build | Palisade Wall |
| 10:12 | Queue | Scout Cavalry |
| 10:13 | Queue | Scout Cavalry |
| 10:13 | Queue | Scout Cavalry |
| 10:18 | Build | House |
| 10:25 | Queue | Villager (Male) |
| 10:41 | Queue | Villager (Male) |
| 10:53 | Build | Palisade Wall |
| 10:57 | Build | Farm |
| 10:58 | Build | Farm |
| 11:02 | Research | Horse Collar |
| 11:11 | Build | Palisade Wall |
| 11:12 | Build | Palisade Wall |
| 11:18 | Build | House |
| 11:19 | Build | House |
| 11:22 | Queue | Villager (Male) |
| 11:31 | Build | Farm |
| 11:39 | Build | Farm |
| 11:44 | Queue | Villager (Male) |
| 11:48 | Build | Farm |
| 11:50 | Build | Farm |
| 11:55 | Queue | Scout Cavalry |
| 12:00 | Build | House |
| 12:13 | Queue | Villager (Male) |
| 12:17 | Build | Farm |
| 12:21 | Build | House |
| 12:23 | Queue | Villager (Male) |
| 12:28 | Build | Farm |
| 12:34 | Build | Palisade Wall |
| 12:54 | Build | Watch Tower |
| 12:58 | Queue | Villager (Male) |
| 13:07 | Queue | Villager (Male) |
| 13:09 | Build | Farm |
| 13:13 | Queue | Scout Cavalry |
| 13:24 | Build | Farm |
| 13:39 | Queue | Villager (Male) |
| 14:04 | Queue | Scout Cavalry |
| 14:12 | Build | Farm |
| 14:13 | Build | Farm |
| 14:24 | Queue | Villager (Male) |
| 14:32 | Build | House |
| 14:35 | Build | House |
| 14:37 | Build | House |
| 14:38 | Build | House |
| 14:43 | Queue | Villager (Male) |
| 14:55 | Build | House |
| 14:59 | Build | Farm |
| 15:01 | Build | Farm |
| 15:02 | Queue | Villager (Male) |
| 15:11 | Queue | Villager (Male) |
| 15:30 | Queue | Villager (Male) |
| 15:33 | Queue | Scout Cavalry |
| 15:33 | Queue | Scout Cavalry |
| 15:33 | Queue | Scout Cavalry |
| 15:36 | Build | Farm |
| 15:38 | Build | Farm |
| 15:41 | Queue | Villager (Male) |
| 15:44 | Build | Farm |
| 16:01 | Queue | Villager (Male) |
| 16:14 | Queue | Villager (Male) |
| 16:31 | Build | Lumber Camp |
| 16:32 | Queue | Villager (Male) |
| 16:35 | Build | House |
| 16:37 | Build | House |
| 16:46 | Queue | Villager (Male) |
| 17:01 | Build | House |
| 17:22 | Queue | Villager (Male) |
| 17:50 | Queue | Villager (Male) |
| 18:12 | Queue | Scout Cavalry |
| 18:13 | Queue | Scout Cavalry |
| 18:13 | Queue | Scout Cavalry |
| 18:13 | Queue | Scout Cavalry |
| 18:13 | Queue | Scout Cavalry |
| 18:14 | Queue | Villager (Male) |
| 18:34 | Queue | Villager (Male) |
| 18:34 | Queue | Villager (Male) |
| 18:34 | Queue | Villager (Male) |
| 18:40 | Build | Market |
| 18:58 | Queue | Villager (Male) |
| 19:31 | Queue | Scout Cavalry |
| 19:31 | Queue | Scout Cavalry |
| 19:32 | Queue | Villager (Male) |
| 20:01 | Queue | Villager (Male) |
| 20:09 | Build | Farm |
| 20:10 | Build | Farm |
| 20:21 | Queue | Villager (Male) |
| 20:35 | Build | House |
| 20:40 | Build | House |
| 20:45 | Build | House |
| 21:18 | Build | Mining Camp |
| 21:23 | Build | Farm |
| 21:24 | Build | Farm |
| 21:31 | Build | House |
| 21:32 | Build | House |
| 21:43 | Build | Palisade Wall |
| 21:48 | Research | Castle Age |
| 22:01 | Build | Stable |
| 22:20 | Build | House |
| 22:22 | Build | House |
| 22:28 | Queue | Villager (Male) |
| 22:43 | Build | Blacksmith |
| 22:49 | Build | Farm |
| 23:13 | Build | Farm |
| 23:23 | Build | Farm |
| 23:30 | Research | Scale Barding Armor |
| 23:31 | Research | Bloodlines |
| 23:46 | Build | Farm |
| 23:50 | Build | Stable |
| 24:03 | Build | Farm |
| 24:34 | Age | Castle Age |
| 24:42 | Queue | Villager (Male) |
Build order — No Pauses
First 150 of 242 actions detected
| 0:02 | Queue | Villager (Male) |
| 0:02 | Queue | Villager (Male) |
| 0:02 | Queue | Villager (Male) |
| 0:02 | Queue | Villager (Male) |
| 0:03 | Build | House |
| 0:05 | Build | House |
| 1:29 | Queue | Villager (Male) |
| 1:29 | Queue | Villager (Male) |
| 2:06 | Queue | Villager (Male) |
| 2:10 | Build | Lumber Camp |
| 2:15 | Queue | Villager (Male) |
| 2:35 | Queue | Villager (Male) |
| 2:53 | Queue | Villager (Male) |
| 2:53 | Queue | Villager (Male) |
| 3:08 | Queue | Villager (Male) |
| 3:08 | Queue | Villager (Male) |
| 3:34 | Queue | Villager (Male) |
| 3:50 | Build | House |
| 4:00 | Queue | Villager (Male) |
| 4:08 | Queue | Villager (Male) |
| 4:08 | Queue | Villager (Male) |
| 4:25 | Build | Mill |
| 4:31 | Queue | Villager (Male) |
| 4:31 | Queue | Villager (Male) |
| 4:44 | Queue | Villager (Male) |
| 4:53 | Queue | Villager (Male) |
| 4:53 | Queue | Villager (Male) |
| 5:11 | Queue | Villager (Male) |
| 5:19 | Queue | Villager (Male) |
| 5:19 | Queue | Villager (Male) |
| 6:06 | Research | Loom |
| 7:06 | Research | Feudal Age |
| 7:22 | Build | Barracks |
| 7:56 | Build | House |
| 8:28 | Queue | Villager (Male) |
| 8:39 | Queue | Villager (Male) |
| 9:07 | Build | House |
| 9:14 | Queue | Villager (Male) |
| 9:17 | Age | Feudal Age |
| 9:20 | Build | Stable |
| 9:23 | Research | Double-Bit Axe |
| 9:25 | Queue | Spearman |
| 9:29 | Queue | Villager (Male) |
| 9:36 | Queue | Villager (Male) |
| 9:46 | Build | Farm |
| 9:50 | Build | Farm |
| 10:00 | Queue | Scout Cavalry |
| 10:00 | Queue | Scout Cavalry |
| 10:05 | Queue | Spearman |
| 10:27 | Queue | Villager (Male) |
| 10:36 | Build | Farm |
| 10:37 | Build | Farm |
| 10:58 | Queue | Villager (Male) |
| 11:00 | Build | Farm |
| 11:02 | Build | Farm |
| 11:04 | Build | Farm |
| 11:07 | Queue | Scout Cavalry |
| 11:28 | Build | Watch Tower |
| 11:30 | Queue | Villager (Male) |
| 11:45 | Queue | Spearman |
| 11:47 | Build | Palisade Wall |
| 11:48 | Build | Palisade Wall |
| 11:48 | Build | Palisade Wall |
| 11:50 | Build | Palisade Wall |
| 11:55 | Build | Palisade Wall |
| 11:56 | Build | Palisade Wall |
| 11:56 | Build | Palisade Wall |
| 11:57 | Build | Palisade Wall |
| 11:58 | Build | Palisade Wall |
| 12:07 | Queue | Scout Cavalry |
| 12:19 | Queue | Villager (Male) |
| 12:37 | Build | Watch Tower |
| 12:40 | Queue | Villager (Male) |
| 12:41 | Queue | Villager (Male) |
| 12:43 | Build | Palisade Wall |
| 12:52 | Build | Farm |
| 12:57 | Build | Palisade Wall |
| 13:17 | Queue | Villager (Male) |
| 13:19 | Build | Farm |
| 13:38 | Build | Watch Tower |
| 13:54 | Build | Watch Tower |
| 14:01 | Build | House |
| 14:07 | Queue | Villager (Male) |
| 14:11 | Build | House |
| 14:12 | Build | House |
| 14:25 | Queue | Villager (Male) |
| 14:31 | Build | House |
| 14:55 | Queue | Villager (Male) |
| 14:55 | Queue | Villager (Male) |
| 14:59 | Build | Palisade Wall |
| 15:00 | Build | Palisade Wall |
| 15:00 | Build | Palisade Wall |
| 15:04 | Queue | Scout Cavalry |
| 15:15 | Build | Mining Camp |
| 15:40 | Queue | Villager (Male) |
| 15:41 | Build | Farm |
| 15:43 | Build | Farm |
| 15:49 | Build | Outpost |
| 15:58 | Build | Palisade Wall |
| 15:59 | Build | Palisade Wall |
| 16:00 | Build | Palisade Wall |
| 16:00 | Build | Palisade Wall |
| 16:02 | Build | Palisade Wall |
| 16:08 | Queue | Villager (Male) |
| 16:17 | Build | House |
| 16:21 | Queue | Spearman |
| 16:24 | Build | Farm |
| 16:31 | Queue | Spearman |
| 16:36 | Build | Farm |
| 16:41 | Build | Farm |
| 16:42 | Queue | Villager (Male) |
| 16:43 | Queue | Spearman |
| 17:09 | Queue | Villager (Male) |
| 17:12 | Build | Palisade Wall |
| 17:17 | Build | Farm |
| 17:18 | Queue | Scout Cavalry |
| 17:38 | Build | Watch Tower |
| 18:05 | Build | Palisade Wall |
| 18:06 | Build | Palisade Wall |
| 18:30 | Queue | Spearman |
| 18:43 | Queue | Spearman |
| 18:52 | Build | Palisade Wall |
| 18:56 | Queue | Spearman |
| 19:06 | Queue | Villager (Male) |
| 19:06 | Queue | Villager (Male) |
| 19:07 | Build | Farm |
| 19:08 | Queue | Scout Cavalry |
| 19:09 | Queue | Scout Cavalry |
| 19:37 | Build | Palisade Wall |
| 19:38 | Build | Palisade Wall |
| 19:42 | Build | Palisade Wall |
| 19:46 | Build | Palisade Wall |
| 20:11 | Queue | Villager (Male) |
| 20:13 | Build | Market |
| 20:17 | Build | Mining Camp |
| 20:36 | Build | Watch Tower |
| 20:41 | Build | Watch Tower |
| 20:56 | Queue | Villager (Male) |
| 20:58 | Build | Farm |
| 21:01 | Research | Castle Age |
| 21:05 | Queue | Spearman |
| 21:05 | Queue | Spearman |
| 21:06 | Queue | Spearman |
| 21:11 | Build | House |
| 21:15 | Build | Palisade Wall |
| 21:25 | Build | Palisade Wall |
| 21:26 | Build | Palisade Wall |
| 21:26 | Build | Palisade Wall |
| 21:26 | Build | Palisade Wall |
| 21:27 | Build | Palisade Wall |
Match timeline
| 7:22 | No Pauses · first_building Barracks |
| 7:49 | Lukeario23 · wall_segment Palisade Wall x14 |
| 9:05 | Lukeario23 · age_up feudal |
| 9:10 | Lukeario23 · first_building Stable |
| 9:17 | No Pauses · age_up feudal |
| 9:20 | No Pauses · first_building Stable |
| 9:32 | Lukeario23 · wall_segment Palisade Wall x1 |
| 9:45 | Lukeario23 · wall_segment Palisade Wall x5 |
| 10:53 | Lukeario23 · wall_segment Palisade Wall x7 |
| 11:11 | Lukeario23 · wall_segment Palisade Wall x6 |
| 11:12 | Lukeario23 · wall_segment Palisade Wall x1 |
| 11:47 | No Pauses · wall_segment Palisade Wall x1 |
| 11:48 | No Pauses · wall_segment Palisade Wall x1 |
| 11:48 | No Pauses · wall_segment Palisade Wall x1 |
| 11:50 | No Pauses · wall_segment Palisade Wall x1 |
| 11:55 | No Pauses · wall_segment Palisade Wall x1 |
| 11:56 | No Pauses · wall_segment Palisade Wall x1 |
| 11:56 | No Pauses · wall_segment Palisade Wall x1 |
| 11:57 | No Pauses · wall_segment Palisade Wall x1 |
| 11:58 | No Pauses · wall_segment Palisade Wall x1 |
| 12:34 | Lukeario23 · wall_segment Palisade Wall x1 |
| 12:43 | No Pauses · wall_segment Palisade Wall x1 |
| 12:57 | No Pauses · wall_segment Palisade Wall x1 |
| 14:59 | No Pauses · wall_segment Palisade Wall x1 |
| 15:00 | No Pauses · wall_segment Palisade Wall x1 |
| 15:00 | No Pauses · wall_segment Palisade Wall x1 |
| 15:58 | No Pauses · wall_segment Palisade Wall x1 |
| 15:59 | No Pauses · wall_segment Palisade Wall x1 |
| 16:00 | No Pauses · wall_segment Palisade Wall x1 |
| 16:00 | No Pauses · wall_segment Palisade Wall x1 |
| 16:02 | No Pauses · wall_segment Palisade Wall x1 |
| 17:12 | No Pauses · wall_segment Palisade Wall x1 |
| 18:05 | No Pauses · wall_segment Palisade Wall x1 |
| 18:06 | No Pauses · wall_segment Palisade Wall x1 |
| 18:52 | No Pauses · wall_segment Palisade Wall x1 |
| 19:37 | No Pauses · wall_segment Palisade Wall x1 |
| 19:38 | No Pauses · wall_segment Palisade Wall x1 |
| 19:42 | No Pauses · wall_segment Palisade Wall x1 |
| 19:46 | No Pauses · wall_segment Palisade Wall x1 |
| 20:14 | Lukeario23 · first_market_sell 100 wood |
| 21:00 | No Pauses · first_market_sell 100 wood |
| 21:15 | No Pauses · wall_segment Palisade Wall x1 |
| 21:25 | No Pauses · wall_segment Palisade Wall x1 |
| 21:26 | No Pauses · wall_segment Palisade Wall x1 |
| 21:26 | No Pauses · wall_segment Palisade Wall x1 |
| 21:26 | No Pauses · wall_segment Palisade Wall x2 |
| 21:27 | No Pauses · wall_segment Palisade Wall x1 |
| 21:27 | No Pauses · wall_segment Palisade Wall x1 |
| 21:35 | No Pauses · wall_segment Palisade Wall x1 |
| 21:43 | Lukeario23 · wall_segment Palisade Wall x1 |
| 22:22 | No Pauses · wall_segment Palisade Wall x1 |
| 23:42 | No Pauses · first_market_buy 100 stone |
| 23:42 | No Pauses · age_up castle |
| 24:28 | No Pauses · wall_segment Palisade Wall x1 |
| 24:31 | No Pauses · wall_segment Palisade Wall x1 |
| 24:34 | Lukeario23 · age_up castle |
| 24:40 | No Pauses · wall_segment Palisade Wall x1 |
| 25:00 | No Pauses · wall_segment Palisade Wall x1 |
| 25:02 | No Pauses · wall_segment Palisade Wall x1 |
| 25:32 | No Pauses · wall_segment Palisade Wall x1 |
| 25:33 | No Pauses · wall_segment Palisade Wall x1 |
| 25:34 | No Pauses · wall_segment Palisade Wall x1 |
| 25:35 | No Pauses · wall_segment Palisade Wall x1 |
| 26:25 | No Pauses · wall_segment Palisade Wall x1 |
| 26:31 | No Pauses · first_building Monastery |
| 29:13 | No Pauses · wall_segment Palisade Wall x1 |
| 29:23 | No Pauses · wall_segment Palisade Wall x2 |
| 31:50 | No Pauses · resign |
[ AI ANALYSIS · 1 CREDIT ]
What really happened in this match?
Wolo.gg analyzes every decision: build order, eco, micro, common mistakes by bracket. Personalized analysis on WhatsApp or Discord in 30 seconds.
Civ guide
Khmer
Perfil
Jugador #20364060